 Dungeon Crawl Stone Soup version 0.29-a0-919-gd064cfad1c (webtiles) character file.

Game seed: 7306398400994620277

221 ragingrage the Firebug (level 5, -1/45 HPs)
             Began as an Ogre Fire Elementalist on July 26, 2022.
             Slain by a centaur (3 damage)
             ... on level 5 of the Dungeon.
             The game lasted 00:03:11 (4634 turns).

ragingrage the Firebug (Ogre Fire Elementalist)     Turns: 4634, Time: 00:03:12

Health: -1/45      AC:  4    Str: 10    XL:     5   Next: 98%
Magic:  5/10       EV:  9    Int: 13    God:
Gold:   141        SH:  0    Dex:  9    Spells: 5/11 levels left

rFire   + + +      SeeInvis .   i - +8 scimitar of Agaohy {venom, rF+++ rCorr Int-3 Stlth+}
rCold   . . .      Faith    .   (no shield)
rNeg    . . .      Spirit   .   a - +0 robe
rPois   .          Reflect  .   (helmet restricted)
rElec   .          Harm     .   r - +0 cloak {Will+}
rCorr   +          Rampage  .   (gloves unavailable)
Will    +....                   (boots unavailable)
Stlth   ++........              (no amulet)
HPRegen 0.15/turn               (no ring)
MPRegen 0.12/turn               (no ring)

@: no status effects
A: large, unfitting armour, tough skin 1, dopey 1, weak 1
a: no special abilities


You were on level 5 of the Dungeon.
You visited 1 branch of the dungeon, and saw 5 of its levels.

You collected 141 gold pieces.

Inventory:

Hand Weapons
 i - the +8 scimitar of Agaohy (weapon) {venom, rF+++ rCorr Int-3 Stlth+}
   (You found it on level 2 of the Dungeon)

   It poisons the flesh of those it strikes.
   Int:       It affects your intelligence (-3).
   rF:        It renders you almost immune to fire.
   rCorr:     It protects you from acid and corrosion.
   Stlth:     It makes you more stealthy.
Missiles
 c - 13 poisoned darts
Armour
 a - a +0 robe (worn)
 r - a +0 cloak of willpower (worn)
Scrolls
 e - 4 scrolls of identify
 f - 3 scrolls of summoning {unknown}
 k - a scroll of enchant armour {unknown}
 m - a scroll of enchant weapon {unknown}
 n - a scroll of brand weapon {unknown}
 o - a scroll of poison {unknown}
 p - 2 scrolls of vulnerability
 q - a scroll of teleportation {unknown}
Potions
 b - a potion of magic
 g - a potion of flight {unknown}
 h - a potion of degeneration {unknown}
 j - a potion of lignification {unknown}
 l - a potion of curing {unknown}


   Skills:
 - Level 1.7 Dodging
 - Level 1.4 Stealth
 + Level 3.6 Spellcasting
 * Level 3.2 Conjurations
 * Level 4.2 Fire Magic


You had 5 spell levels left.
You knew the following spells:

 Your Spells              Type           Power      Damage    Failure   Level
a - Foxfire               Conj/Fire      48%        2x1d6     4%          1
b - Scorch                Fire           26%        2d6       5%          2
c - Conjure Flame         Conj/Fire      12%        6-21      14%         3

Your spell library contained the following spells:

 Spells                   Type           Power      Damage    Failure   Level
 Inner Flame              Hex/Fire       7%         N/A       26%         3
 Flame Wave               Conj/Fire      12%        2d6       43%         4


Dungeon Overview and Level Annotations

Branches:
Dungeon (5/15)
 Temple: D:4-7

Altars:
Ashenzari
Dithmenos
Gozag
Hepliaklqana
Nemelex Xobeh
Xom


Innate Abilities, Weirdness & Mutations

You are too large for most types of armour.
You have tough skin. (AC +1)
You are dopey. (Int -2)
You are weak. (Str -2)


Message History

The centaur wields a +0 shortbow.
The centaur shoots an arrow.
The arrow hits you!
The centaur shoots an arrow.
The arrow hits you.
Casting: Scorch (safe; 4% risk of failure)
Confirm with . or Enter, or press ? or * to list all spells.
Flames lash the centaur.
The centaur is heavily wounded.
The centaur's fire resistance burns away.
A gnoll comes into view. It is wielding a +0 spear.
The centaur shoots an arrow.
The arrow hits you.
Casting: Scorch (safe; 4% risk of failure)
Confirm with . or Enter, or press ? or * to list all spells.
Flames lash the centaur.
The centaur is burned terribly!
The centaur is severely wounded.
The centaur unwields a +0 shortbow.
The centaur barely misses you. x2
You barely miss the centaur.
The centaur is severely wounded.
The gnoll sergeant hits you from afar with a +2 vorpal spear.
The centaur hits you.
The centaur kicks you but does no damage.
The gnoll sergeant hits you from afar with a +2 vorpal spear.
* * * LOW HITPOINT WARNING * * *
You hit the centaur.
The centaur is poisoned.
The centaur is severely wounded.
The centaur hits you.
* * * LOW HITPOINT WARNING * * *
The centaur kicks you.
* * * LOW HITPOINT WARNING * * *
The centaur hits you.
* * * LOW HITPOINT WARNING * * *
The centaur kicks you.
* * * LOW HITPOINT WARNING * * *
The gnoll sergeant hits you but does no damage.
The centaur barely misses you. The centaur kicks you.
* * * LOW HITPOINT WARNING * * *
It was a potion of mutation.
You feel extremely strange.
You feel weaker.
You feel stupid.
The gnoll sergeant hits you from afar with a +2 vorpal spear.
* * * LOW HITPOINT WARNING * * *
x2 The centaur hits you.
You die...

... ..# ..# #..##
#### .... ..... $.#
##....##.# ##
........@## #.#
.#.......#c###..
.........##g#.##
#....... #ggg.#
#.....# #.##.# #
#?$...###.#..###
#.##........g.......
.........[##.##.g.#
##.....#..#.#. g.


You could see a gnoll sergeant, a centaur (very poisoned, combustible) and 3
gnolls.

Vanquished Creatures
  Crazy Yiuf (D:4)
  An iguana (D:4)
  2 orc wizards (D:3)
  A gnoll (D:5)
  3 adders
  2 ufetubi (D:4)
  A worm (D:4)
  2 dart slugs (D:4)
  5 orcs
  7 bats
  7 endoplasms
  4 giant cockroaches
  A goblin (D:3)
  3 hobgoblins
  3 quokkas (D:3)
  6 ball pythons
  3 frilled lizards
  5 kobolds
  5 rats
62 creatures vanquished.

Vanquished Creatures (others)
  233 foxfires
233 creatures vanquished.

Grand Total: 295 creatures vanquished

Notes
Turn   | Place    | Note
-------+----------+-------------------------------------------
     0 | D:1      | ragingrage the Ogre Fire Elementalist began the quest for
                  | the Orb.
     0 | D:1      | Reached XP level 1. HP: 16/16 MP: 3/3
   175 | D:1      | Reached skill level 1 in Conjurations
   240 | D:1      | Found a faded altar of an unknown god.
   386 | D:1      | Reached XP level 2. HP: 24/24 MP: 2/5
   642 | D:1      | Reached skill level 3 in Fire Magic
  1106 | D:2      | Found a sparkling altar of Nemelex Xobeh.
  1109 | D:2      | Reached XP level 3. HP: 31/31 MP: 5/7
  1288 | D:2      | Identified the +8 scimitar of Agaohy {venom, rF+++ rCorr
                  | Int-3 Stlth+}
  1438 | D:2      | Learned a level 2 spell: Scorch
  1442 | D:2      | Learned a level 3 spell: Conjure Flame
  1933 | D:3      | Found a shimmering altar of Xom.
  2025 | D:3      | Found a broken altar of Ashenzari.
  2166 | D:3      | Found an opulent altar of Gozag.
  2195 | D:3      | Reached XP level 4. HP: 13/39 MP: 2/8
  2885 | D:3      | Found a shadowy altar of Dithmenos.
  3301 | D:4      | Reached XP level 5. HP: 45/45 MP: 0/10
  3614 | D:4      | Found a runed translucent door.
  3615 | D:4      | Noticed Crazy Yiuf
  3634 | D:4      | Reached skill level 4 in Fire Magic
  4310 | D:4      | Killed Crazy Yiuf
  4568 | D:5      | Entered Level 5 of the Dungeon
  4571 | D:5      | Found a hazy altar of Hepliaklqana.
  4599 | D:5      | Noticed a centaur
  4634 | D:5      | Gained mutation: You are weak. (Str -2) [potion of
                  | mutation]
  4634 | D:5      | Gained mutation: You are dopey. (Int -2) [potion of
                  | mutation]
  4634 | D:5      | HP: 2/45 [gnoll sergeant/+2 vorpal spear (1)]
  4634 | D:5      | Slain by a centaur

Illustrated notes

Levels and vault maps discovered:
D:1:      minmay_arrival_nine_rooms, layout_basic,
          hellmonk_ecumenical_altar_blasted
D:2:      layout_basic, basic_altar, roderic_malta_cross
D:3:      layout_basic, nicolae_overflow_hidden_temple,
          mainiacjoe_overflow_swirl, mainiacjoe_overflow_chevrons
D:4:      layout_basic, uniq_crazy_yiuf_cottage
D:5:      layout_loops_ring, nicolae_qazlal_eye_of_the_storm,
          mainiacjoe_overflow_small_starburst, serial_shops,
          nicolae_shop_bloodbath_and_beyond

Skill      XL: |  1  2  3  4  5 |
---------------+----------------+-----
Conjurations   | 1 2 3 |  3.2
Fire Magic     | 3 4 |  4.2
Spellcasting   | 3 |  3.6
Dodging        | |  1.7
Stealth        | |  1.4

Action                   |  1- 3 |  4- 6 || total
-------------------------+-------+-------++-------
Melee: Short sword       |    23 |       ||    23
       Scimitar          |    13 |    14 ||    27
       Punch             |       |     1 ||     1
 Cast: Foxfire           |    72 |    76 ||   148
       Scorch            |     3 |    14 ||    17
  Use: Scroll            |       |     1 ||     1
       Potion            |       |     1 ||     1
 Stab: Sleeping          |     1 |     1 ||     2
Armor: Robe              |    24 |     3 ||    27
Dodge: Dodged            |    19 |     9 ||    28

Table legend: (Time is in decaauts)
 A = Elapsed time spent in this place.
 B = Non-inter-level travel time spent in this place.
 C = Inter-level travel time spent in this place.
 D = Time resting spent in this place.
 E = Time spent auto-exploring this place.
 F = Levels seen in this place.
 G = Mean time per level.
                   A        B        C        D        E       F      G
               +--------+--------+--------+--------+--------+-----+--------+
         Total |   4645 |   4453 |    192 |    862 |   3084 |   5 |  929.0 |
       Dungeon |   4645 |   4453 |    192 |    862 |   3084 |   5 |  929.0 |
               +--------+--------+--------+--------+--------+-----+--------+

Top non-repeatable levels by time:
     D:4: 1614 daAuts
     D:3: 1199 daAuts
     D:1: 988 daAuts
     D:2: 775 daAuts
     D:5: 67 daAuts
